 Dungeon Crawl Stone Soup version 0.32-a0-411-g744942f433 (webtiles) character file.

Game seed: 17433425040145971970

76 shadowstone the Trooper (level 4, -3/50 HPs)
             Began as an Oni Berserker on Feb 20, 2024.
             Was a Follower of Trog.
             Killed from afar by Sigmund (6 damage)
             ... with a puff of flame
             ... on level 2 of the Dungeon.
             The game lasted 00:03:56 (1475 turns).

shadowstone the Trooper (Oni Berserker)             Turns: 1475, Time: 00:03:57

Health: -3/50      AC:  3    Str: 23    XL:     4   Next: 32%
Magic:  4/4        EV: 10    Int:  8    God:    Trog [*.....]
Gold:   63         SH:  0    Dex:  8    Spells: 3/3 levels left

rFire   . . .        a - +0 hand axe
rCold   . . .        (no shield)
rNeg    . . .        b - +0 animal skin
rPois   .            (helmet restricted)
rElec   .            (no cloak)
rCorr   .            (gloves unavailable)
SInv    .            (boots unavailable)
Will    .....        (no amulet)
Stlth   +            (no ring)
HPRegen 0.28/turn    (no ring)
MPRegen 0.09/turn

%: no passive effects
@: no status effects
A: large, unfitting armour, horns 1, tough skin 1, double potion healing,
drunken brawling
a: Renounce Religion, Berserk


You were on level 2 of the Dungeon.
You worshipped Trog.
Trog was aware of your devotion.
You visited 1 branch of the dungeon, and saw 2 of its levels.

You collected 63 gold pieces.

Inventory:

Hand Weapons
 a - a +0 hand axe (weapon)
 h - a +0 hand axe
Armour
 b - a +0 animal skin (worn)
 f - a +0 chain mail
 j - a +0 leather armour
Scrolls
 e - a scroll of revelation {unknown}
 g - a scroll of poison {unknown}
 i - a scroll of acquirement {unknown}
 k - a scroll of amnesia {unknown}
 l - a scroll of identify {unknown}
Potions
 c - a potion of curing {unknown}
 d - a potion of brilliance {unknown}


   Skills:
 + Level 5.2 Fighting
 + Level 3.7 Axes
 + Level 3.2 Dodging
 + Level 0.2 Stealth


You had 3 spell levels left.
You didn't know any spells.
Your spell library was empty.

Dungeon Overview and Level Annotations

Branches:
Dungeon (2/15)

Altars:

Shops:
D:2 (

Annotations:
D:2 Sigmund


Innate Abilities, Weirdness & Mutations

You are too large for most types of armour.
You have a pair of small horns on your head.
You have tough skin. (AC +1)
You gain doubled healing and magic from potions.
Whenever you drink a healing potion, you attack all around you.


Message History

Sigmund shouts!
Sigmund hits you from afar with a +3 scythe of flaming.
Sigmund burns you.
Sigmund hits you with a +3 scythe of flaming!
Sigmund burns you.
You slash Sigmund!
Sigmund is moderately wounded.
Sigmund hits you with a +3 scythe of flaming.
Sigmund burns you.
You closely miss Sigmund.
Sigmund is moderately wounded.
You closely miss Sigmund.
Sigmund is moderately wounded.
Sigmund hits you with a +3 scythe of flaming!
Sigmund burns you.
You hit Sigmund.
Sigmund is heavily wounded.
Sigmund closely misses you.
You hit Sigmund. You headbutt Sigmund.
Sigmund is severely wounded.
Sigmund hits you with a +3 scythe of flaming.
* * * LOW HITPOINT WARNING * * *
Sigmund burns you.
* * * LOW HITPOINT WARNING * * *
You closely miss Sigmund.
Sigmund is severely wounded.
You hit Sigmund but do no damage.
Sigmund is severely wounded.
Sigmund mumbles some strange words.
Sigmund flickers and vanishes!
Deactivating autopickup; reactivate with Ctrl-A.
You miss something.
You hear some strange, mumbled words.
A magic dart appears from out of thin air!
The magic dart hits you!
* * * LOW HITPOINT WARNING * * *
You hear some strange, mumbled words.
A puff of flame appears from out of thin air!
The puff of flame hits you.
You die...

......##.##.####................#
#####......#.........####.#.#.##.
##.#####...#.#...###. #.#.#.###
##.# #.#.#.#...# #.....# ##.#
#.#.#.#...### #####....#
#..#####.#.#.#.....# ....#....#
.........#.#.#####.#####.#....#
.........#.#.#..{#.....#.#....# .
.........#.#.###@#.....#.#....# .
.........#.#.#...#.....#.#....#..
..........)#..#####....#.#....#..
#########'##...........#.........
......###.#.###.#############.#.#
#####.....#.#.......... #.#..
..........# #.#..###### ##.# #
####.###.## #.##.. #########..#
...#.# #.# # #..#.......†..#


There were no monsters in sight!

Vanquished Creatures
  3 adders (D:2)
  2 ribbon worms (D:2)
  A dart slug (D:1)
  A ball python (D:1)
  3 bats
  A giant cockroach (D:2)
  3 goblins
  5 hobgoblins
  2 kobolds
  A quokka (D:1)
  2 frilled lizards
24 creatures vanquished.

Notes
Turn   | Place    | Note
-------+----------+-------------------------------------------
     0 | D:1      | shadowstone the Oni Berserker began the quest for the Orb.
     0 | D:1      | Reached XP level 1. HP: 24/24 MP: 1/1
   147 | D:1      | Reached XP level 2. HP: 25/32 MP: 2/2
   814 | D:2      | Reached XP level 3. HP: 40/40 MP: 3/3
   863 | D:2      | Reached skill level 5 in Fighting
  1087 | D:2      | Found Ygoy's Weapon Shoppe.
  1180 | D:2      | Reached XP level 4. HP: 46/50 MP: 4/4
  1465 | D:2      | Noticed Sigmund
  1475 | D:2      | Killed from afar by Sigmund

Illustrated notes

Levels and vault maps discovered:
D:1:      lightli_arrival_flooded_house, layout_basic, serial_bayou_lake_a
D:2:      layout_basic, serial_co_window_serial, co_window_of_opportunity_a,
          co_window_of_opportunity_a, co_window_paths_b,
          co_window_of_opportunity_a, co_window_paths_b, co_window_corner_a,
          co_window_paths_b, co_window_corner_a, co_window_corner_a,
          co_window_corner_b, co_window_corner_b, co_window_corner_cb,
          glass_columns_a, glass_columns_b, serial_shops,
          nicolae_shop_bloodbath_and_beyond, uniq_sigmund

Skill      XL: |  1  2  3 |
---------------+----------+-----
Dodging        | 3 |  3.2
Fighting       | 5 |  5.2
Axes           | |  3.7
Stealth        | |  0.2

Action                     |  1- 3 |  4- 6 || total
---------------------------+-------+-------++-------
  Melee: Hand axe          |    93 |    26 ||   119
         Headbutt          |    17 |     3 ||    20
 Armour: Animal skin       |    49 |    29 ||    78
  Dodge: Dodged            |    34 |    33 ||    67

Table legend: (Time is in decaauts)
 A = Elapsed time spent in this place.
 B = Non-inter-level travel time spent in this place.
 C = Inter-level travel time spent in this place.
 D = Time resting spent in this place.
 E = Time spent auto-exploring this place.
 F = Levels seen in this place.
 G = Mean time per level.
                   A        B        C        D        E       F      G
               +--------+--------+--------+--------+--------+-----+--------+
         Total |   1489 |   1475 |     14 |     98 |    707 |   2 |  744.5 |
       Dungeon |   1489 |   1475 |     14 |     98 |    707 |   2 |  744.5 |
               +--------+--------+--------+--------+--------+-----+--------+

Top non-repeatable levels by time:
     D:1: 815 daAuts
     D:2: 674 daAuts
